 Dungeon Crawl Stone Soup version 0.22-a0-395-gfed312b (webtiles) character file.

87 Ijustatesigmund the Skirmisher (level 4, 0/39 HPs)
             Began as a Hill Orc Artificer on May 3, 2018.
             Succumbed to an adder's poison
             ... on level 2 of the Dungeon.
             The game lasted 00:04:10 (2150 turns).

Ijustatesigmund the Skirmisher (Hill Orc Artificer) Turns: 2150, Time: 00:04:11

Health: 0/39       AC:  3    Str: 14    XL:     4   Next: 51%
Magic:  6/6        EV:  9    Int: 11    God:
Gold:   49         SH:  7    Dex: 12    Spells: 3/3 levels left

rFire    . . .     SeeInvis .   a - -1 short sword (curse)
rCold    . . .     Gourm    .   i - +0 shield
rNeg     . . .     Faith    .   b - +0 leather armour
rPois    .         Spirit   .   (no helmet)
rElec    .         Reflect  .   (no cloak)
rCorr    .         Harm     .   (no gloves)
MR       .....                  (no boots)
Stlth    +.........             (no amulet)
HPRegen  0.13/turn              (no ring)
MPRegen  0.10/turn              (no ring)

@: lethally poisoned (0 -> -14)
A: no striking features
a: no special abilities


You were on level 2 of the Dungeon.
You were hungry.

You visited 1 branch of the dungeon, and saw 2 of its levels.

You collected 49 gold pieces.

Inventory:

Hand Weapons
 a - a cursed -1 short sword (weapon)
Missiles
 h - 4 javelins (quivered)
Armour
 b - a +0 leather armour (worn)
 i - a +0 shield (worn)
Wands
 c - a wand of flame (9)
 d - a wand of enslavement (5)
 e - a wand of random effects (12)
Scrolls
 g - a scroll of teleportation {unknown}
Comestibles
 f - a ration


   Skills:
 + Level 3.6 Fighting
 - Level 1.0 Short Blades
 - Level 2.7 Armour
 - Level 1.5 Dodging
 - Level 0.7 Stealth
 + Level 0.7 Shields
 - Level 3.0 Evocations


You had 3 spell levels left.
You didn't know any spells.

Dungeon Overview and Level Annotations

Branches:
Dungeon (2/15)

Altars:


Message History

The adder is heavily wounded.
* * * LOW HITPOINT WARNING * * *
You feel sick. You block the adder's attack.
Evoke which item? (* to show all) (? for menu, Esc to quit)
Aiming: Random Effects
Press: ? - help, Shift-Dir - straight line, f/p - adder
Aim: an adder (heavily wounded)
The bolt of negative energy hits the adder.
The adder is drained!
You kill the adder!
* * * LOW HITPOINT WARNING * * *
You feel sick.
You aren't carrying any potions.
Unknown command.
* * * LOW HITPOINT WARNING * * *
You feel sick.
You see here a flail.
* * * LOW HITPOINT WARNING * * *
You feel sick.
You die...

.)..#...####....###.......#
...<#...####.#..# ###...#(#
....#...........# #.....#
....#......####.# #...#.#
....#......# #.# #..#.#
....##.....# #.# .....
######.....# #.# ...#
#.....####.#####...#
#.....#....@.))..#
#.....#.##.####### #.[.....
#.# r...o #.# #..#.. #..
#.###. ... #. #g #... . ..
##..


There were no monsters in sight!

Vanquished Creatures
  3 adders (D:2)
  2 gnolls
  A dart slug (D:1)
  2 bats (D:1)
  2 goblins
  6 hobgoblins
  4 jackals (D:2)
  4 frilled lizards
  3 kobolds (D:1)
  5 rats
32 creatures vanquished.

Vanquished Creatures (collateral kills)
  An adder (D:2)
1 creature vanquished.

Vanquished Creatures (others)
  2 gnolls (D:2)
  An adder (D:2)
  An orc (D:2)
  A bat (D:1)
  A kobold (D:1)
6 creatures vanquished.

Grand Total: 39 creatures vanquished

Notes
Turn   | Place    | Note
-------+----------+-------------------------------------------
     0 | D:1      | Ijustatesigmund the Hill Orc Artificer began the quest for the Orb.
     0 | D:1      | Reached XP level 1. HP: 16/16 MP: 3/3
   356 | D:1      | Reached skill level 1 in Armour
   356 | D:1      | Reached XP level 2. HP: 14/24 MP: 4/4
  1293 | D:1      | Reached XP level 3. HP: 30/30 MP: 5/5
  1733 | D:2      | Reached XP level 4. HP: 24/38 MP: 6/6
  2150 | D:2      | Succumbed to an adder's poison

Vault maps used:
D:1:      dpeg_arrival_three_same_balls
D:2:      minmay_hexomino_u4

Skill      XL: |  1  2  3 |
---------------+----------+-----
Armour         | 1 2 |  2.7
Fighting       | 2 3 |  3.6
Short Blades   | |  1.0
Dodging        | |  1.5
Stealth        | |  0.7
Shields        | |  0.7
Evocations     | |  3.0

Action                   |  1- 3 |  4- 6 || total
-------------------------+-------+-------++-------
Melee: Short sword       |   103 |    44 ||   147
Throw: Javelin           |       |     1 ||     1
Evoke: Wand              |    15 |     4 ||    19
 Stab: Sleeping          |       |     1 ||     1
  Eat: Chunk             |     2 |     1 ||     3
Armor: Leather armour    |    37 |    12 ||    49
Dodge: Dodged            |    72 |    24 ||    96
Block: Shield            |       |     4 ||     4

Table legend:
 A = Spawn XP
 B = Non-spawn XP
 C = Spawn XP percentage of total XP
 D = Spawn monster count
 E = Non-spawn monster count
 F = Spawn count percentage of total count
 G = Total turns spent on level
                    A         B        C        D         E        F      G
               +---------+---------+-------+---------+---------+-------+---------
         Total |       0 |     125 |   0.0 |       0 |      33 |   0.0 |  2150
               +---------+---------+-------+---------+---------+-------+---------
           D:1 |       0 |      39 |   0.0 |       0 |      17 |   0.0 |  1667
           D:2 |       0 |      86 |   0.0 |       0 |      16 |   0.0 |   483
               +---------+---------+-------+---------+---------+-------+---------
